← All builds
Suicide front / Legion / Quick factory / OBSERVED BUILD

Standard suicide front

Legion Suicide front build order · Supreme Isthmus

Quick Bot Lab into Vehicle Plant to project force at middle early with Ballista, Satyr, Decurion and Lance, transitioning into Barrage artillery and an Advanced Metal Extractor as the game develops.

#rush #raid · 55 distinct matches · 26 players · 78% of Legion Suicide front games · team won 59% of 58 · Recently observed

HOW TO PLAY IT

Key timing: Legion Vehicle Plant by 1:01

  1. Take first mex while the bot lab goes down immediately.
  2. Finish the bot lab fast to start producing early bots.
  3. Queue the vehicle plant right after for Ballista and Satyr.
  4. Push Ballista and Barrage to contest middle early.
  5. Transition into an advanced mex once T2 constructor is up.

Phase by phase

TYPICAL OF ITS 55 GAMES
  1. 1
  2. 2
  3. 3
PLAY THE OPENING

Follow the example game's first 6:00 step by step: what to build now, what comes next, and where it goes. At 1× it keeps pace with your own game.

  1. 1

    Up to the Legion Bot Lab

    Economy
    • Metal Extractor2Mex
    Order
    1. Legion Bot LabLegion Bot Lab after 2 mexdone ~0:34, middle half 0:27–0:44

    By 0:18 in all: 2 mex

    The example game in this phase · 2 steps
    1. Mex ×3
    2. Legion Bot LabLegion Bot Labdone 0:45 · typical 0:34
  2. 2

    Legion Bot Lab to 5:00

    Economy
    • Metal Extractor4Mex
    • Wind Turbine6Wind
    Army
    • Pharos4 Pharos
    Other
    • Radar Tower1 Radar Tower

    Some games also: Legion Construction Bot (47%) · Zagreus (47%) · con turret (43%) · Legion Construction Vehicle (40%) · Barrage (40%)

    By 5:00 in all: 5 mex · 7 wind · 1 con turret

    The example game in this phase · 21 steps
    1. ZagreusZagreus ×2
    2. Radar TowerRadar Tower
    3. PharosPharos
    4. SatyrSatyr ×10
    5. Legion Construction BotLegion Construction Bot
    6. SatyrSatyr ×5
    7. Mex
    8. SatyrSatyr ×11
    9. Mex
    10. SatyrSatyr ×4
    11. ZagreusZagreus ×2
    12. PharosPharos
    13. ZagreusZagreus
    14. Radar TowerRadar Tower
    15. SatyrSatyr ×3
    16. PharosPharos
    17. SatyrSatyr ×8
    18. PharosPharos
    19. SatyrSatyr ×7
    20. PawnPawn
    21. SatyrSatyr ×4
  3. 3

    5:00 to 10:00

    Economy
    • Metal Extractor1Mex
    • Wind Turbine11Wind
    Builders
    • Construction Turret1 Con turret

    Some games also: Radar Tower (48%) · Pharos (43%) · energy storage (41%) · Lance (34%) · Zagreus (34%)

    By 10:00 in all: 6 mex · 19 wind · 1 energy storage · 3 con turret

    The example game in this phase · 113 steps
    1. PharosPharos
    2. ZagreusZagreus ×2
    3. Con turret
    4. ZagreusZagreus
    5. SatyrSatyr ×2
    6. ZagreusZagreus
    7. NyxNyx
    8. ZagreusZagreus
    9. Wind ×2
    10. SatyrSatyr
    11. Wind ×3
    12. SatyrSatyr
    13. Wind
    14. Advanced solar
    15. SatyrSatyr ×4
    16. Legion Construction BotLegion Construction Bot ×2
    17. Con turret
    18. HiveHive
    19. Legion Construction BotLegion Construction Bot
    20. PharosPharos ×2
    21. Legion DroneLegion Drone
    22. HiveHive
    23. Legion Construction BotLegion Construction Bot
    24. Legion DroneLegion Drone ×2
    25. PharosPharos
    26. Legion DroneLegion Drone
    27. PharosPharos
    28. Legion DroneLegion Drone
    29. Wind
    30. Legion DroneLegion Drone
    31. Dragon's TeethDragon's Teeth ×2
    32. Wind
    33. Legion DroneLegion Drone ×2
    34. Dragon's TeethDragon's Teeth
    35. Legion Construction BotLegion Construction Bot
    36. Legion DroneLegion Drone
    37. Dragon's TeethDragon's Teeth
    38. NyxNyx
    39. Dragon's TeethDragon's Teeth ×3
    40. Legion DroneLegion Drone
    41. Dragon's TeethDragon's Teeth
    42. Wind
    43. Dragon's TeethDragon's Teeth ×2
    44. Advanced Metal ExtractorT2 mexdone 10:54
    45. Dragon's TeethDragon's Teeth
    46. Legion DroneLegion Drone
    47. Legion Construction BotLegion Construction Bot
    48. Wind
    49. Dragon's JawDragon's Jaw
    50. Legion DroneLegion Drone
    51. Wind
    52. Dragon's JawDragon's Jaw
    53. Wind
    54. Legion Construction BotLegion Construction Bot
    55. Wind
    56. Dragon's JawDragon's Jaw
    57. Wind ×2
    58. Legion Construction BotLegion Construction Bot
    59. Dragon's JawDragon's Jaw
    60. Wind ×4
    61. NyxNyx
    62. Wind ×2
    63. AmputatorAmputator
    64. Wind
    65. Legion Construction BotLegion Construction Bot
    66. Wind
    67. Advanced Metal ExtractorT2 mex
    68. Wind ×5
    69. Advanced Metal ExtractorT2 mex
    70. Wind
    71. Legion Construction BotLegion Construction Bot
    72. Wind ×9
    73. Legion DroneLegion Drone
    74. Wind ×3
    75. Legion DroneLegion Drone ×2
    76. ChimeraChimera
    77. Wind
    78. Legion Construction BotLegion Construction Bot
    79. Wind ×3
    80. Legion DroneLegion Drone
    81. Wind ×4
    82. Legion DroneLegion Drone ×2
    83. Wind ×3
    84. Legion DroneLegion Drone
    85. Wind ×2
    86. Legion DroneLegion Drone
    87. Wind ×2
    88. Legion DroneLegion Drone
    89. Advanced Metal ExtractorT2 mex
    90. Wind
    91. Legion Construction BotLegion Construction Bot
    92. Wind
    93. Legion DroneLegion Drone
    94. Wind ×2
    95. Legion DroneLegion Drone
    96. Wind ×4
    97. Legion DroneLegion Drone ×2
    98. Wind ×2
    99. Legion Construction BotLegion Construction Bot
    100. Wind
    101. Legion DroneLegion Drone
    102. Wind
    103. Legion DroneLegion Drone
    104. PhobosPhobos
    105. Wind ×2
    106. Legion DroneLegion Drone ×2
    107. Advanced Metal ExtractorT2 mex
    108. Wind ×3
    109. PhobosPhobos
    110. Wind
    111. NyxNyx
    112. Legion DroneLegion Drone ×2
    113. Wind ×2

Counts are medians over the build's games: half of them build more, half fewer. The example game is [Crd]Atlas's (30 OS, 11/09/2026); pick another.

Team trades

IN AT LEAST 30% OF ITS GAMES

You hand over

Nothing regular.

You get

  • Tidal Generator4 Tidal from Pondfirst at 0:11 · in 52% of games
  • Advanced Construction Bot1 T2 con bot from Geo or Techfirst at 7:31 · in 48% of games

How it plays out

Typical game of this build, running totals by minute

Metal produced

010k20k
0:005:0010:0015:00

metal

Enemy metal destroyed

05k10k
0:005:0010:0015:00

metal

Own metal lost

05k10k
0:005:0010:0015:00

metal

58 games.

Show as table
ByMetal produced: This buildEnemy metal destroyed: This buildOwn metal lost: This build
1:0029100
2:0087900
3:00181617250
4:002790448305
5:0038781092670
6:00489218251130
7:00589328741953
8:00727243202701
9:00847447363265
10:00972553614448
11:001112356284806
12:001315858645595
13:001386663557159
14:001569070087595
15:001756675898181
WHAT THE NUMBERS SAY

This aggressive opening wins more often than the role's other lines, with enemy metal destroyed well above own losses by 15:00.

  • + Enemy metal destroyed (9422) nearly doubles own metal lost (8541) by 15:00.
  • + Team wins 58% of games, strongest result among these roles.
  • − Own metal lost climbs fast early, 770 by 5:00 from committing hard.
THE EXAMPLE YOU ARE READING

[Crd]Atlas

30.2 OS · 11/09/2026

Open source match ↗

18 received units · includes a constructor
92 metal received · 17295 energy received

Allied construction assistance is unknown. Timings are observations, not a promise of solo reproducibility.

Typical milestones

Legion Bot Lab0:34Middle 50%: 0:27–0:44 · n=34
Legion Vehicle Plant0:40Middle 50%: 0:30–1:01 · n=36

Played most by

XuunnY11games of this build_X_6games of this build[crd]sisa4games of this buildChancho4games of this buildxabre3games of this build